 Dungeon Crawl Stone Soup version 0.29.1-2-gbd0b4ee654 (webtiles) character file.

Game seed: 611959264439599478

2 xian the Charlatan (level 1, 0/15 HPs)
             Began as a Demonspawn Artificer on Nov 16, 2022.
             Slain by a jackal (2 damage)
             ... on level 1 of the Dungeon on Nov 17, 2022.
             The game lasted 00:01:31 (98 turns).

xian the Charlatan (Demonspawn Artificer)             Turns: 98, Time: 00:01:32

Health: 0/15       AC:  3    Str: 12    XL:     1   Next: 33%
Magic:  1/1        EV: 11    Int: 12    God:
Gold:   0          SH:  0    Dex: 13    Spells: 0/0 levels left

rFire   . . .      SeeInvis .   a - +0 club
rCold   . . .      Faith    .   (no shield)
rNeg    . . .      Spirit   .   b - +0 leather armour
rPois   .          Reflect  .   (no helmet)
rElec   .          Harm     .   (no cloak)
rCorr   .          Rampage  .   (no gloves)
Will    .....                   (no boots)
Stlth   +.........              (no amulet)
HPRegen 0.05/turn               (no ring)
MPRegen 0.07/turn               (no ring)

@: no status effects
A: no striking features
a: no special abilities


You were on level 1 of the Dungeon.
You visited 1 branch of the dungeon, and saw 1 of its levels.

Inventory:

Hand Weapons
 a - a +0 club (weapon)
Armour
 b - a +0 leather armour (worn)
Wands
 c - a wand of flame (15) (quivered)
 d - a wand of charming (13)
 e - a wand of iceblast (5)
Scrolls
 f - a scroll of enchant armour {unknown}
Potions
 g - a potion of flight {unknown}
 h - a potion of haste {unknown}


   Skills:
 + Level 1.0 Fighting
 + Level 1.9 Armour
 + Level 0.8 Dodging
 + Level 0.8 Stealth
 + Level 3.1 Evocations


You couldn't memorise any spells.
You didn't know any spells.
Your spell library contained the following spells:

 Spells                   Type           Power      Damage    Failure   Level
 Stone Arrow              Conj/Erth      0%         3d7       77%         3
 Animate Armour           Summ/Erth      0%         N/A       99%         4
 Lehudib's Crystal Spear  Conj/Erth      0%         10d2      100%        8


Dungeon Overview and Level Annotations

Branches:
Dungeon (1/15)

Altars:


Message History

Aiming: Charm
Press: ? - help, Shift-Dir - straight line, f - jackal
Aim: a jackal (chance to affect: 73%)
The jackal struggles to resist.
The jackal misses you.
Unknown command.
Aiming: Charm
Press: ? - help, Shift-Dir - straight line, f/p - jackal
Aim: a jackal (chance to affect: 73%)
The jackal is charmed.
Something barely misses your jackal. The jackal closely misses your jackal.
Something misses your jackal.
Unknown command.
The jackal bites your jackal. Something bites your jackal.
The jackal misses your jackal.
Your jackal barely misses something.
Something bites your jackal. The jackal misses your jackal.
Your jackal closely misses something.
Something misses your jackal. The jackal closely misses your jackal.
Something barely misses your jackal.
Your jackal barely misses something.
The jackal bites your jackal.
Your jackal bites something.
You feel a bit more experienced. The jackal barely misses your jackal.
The jackal bites your jackal.
Your jackal dies!
You hit the jackal.
The jackal is moderately wounded.
The jackal closely misses you.
The jackal bites you but does no damage.
You hit the jackal but do no damage.
The jackal is lightly wounded.
The jackal closely misses you. The jackal barely misses you.
You barely miss the jackal.
The jackal is lightly wounded.
The jackal bites you.
* * * LOW HITPOINT WARNING * * *
The jackal barely misses you.
You hit the jackal.
The jackal is severely wounded.
The jackal closely misses you. The jackal barely misses you.
You hit the jackal but do no damage.
The jackal is severely wounded.
The jackal closely misses you. The jackal bites you.
You die...

#.#+# ..#.# # #.#.# ..
#.#.# .# #### ## #.#.#
..## #.. ~~# #.#.##.....
#.. #~# #.#....####
#.#######~~###.#h.....).
#.#...#.##~....@#...####
##.#.♣.'..#~.....#h..#
...'...##'##.....#.h.#
##.#####..+....[.#..h#
##)PPP##<.##.....#...#
##..8P#########'######
##.PPP# #.#########
####### #.........#
#######################.##


You could see a jackal.

Vanquished Creatures
  A jackal (D:1)
1 creature vanquished.

Vanquished Creatures (collateral kills)
  A jackal (D:1)
1 creature vanquished.

Vanquished Creatures (others)
  A jackal (D:1)
1 creature vanquished.

Grand Total: 3 creatures vanquished

Notes
Turn   | Place    | Note
-------+----------+-------------------------------------------
     0 | D:1      | xian the Demonspawn Artificer began the quest for the Orb.
     0 | D:1      | Reached XP level 1. HP: 15/15 MP: 1/1
    98 | D:1      | Slain by a jackal

Illustrated notes

Levels and vault maps discovered:
D:1:      sevenhm_arrival_forest_fort_small_3, layout_basic

Action                   || total
-------------------------++-------
Melee: Club              ||    16
Evoke: Wand              ||     2
Armor: Leather armour    ||     2
Dodge: Dodged            ||    20
